 Dungeon Crawl Stone Soup version 0.26.0-10-g1f06aea511 (webtiles) character file.

Game seed: 12363981098178228696

83 Borgoz the Slasher (level 4, -2/37 HPs)
             Began as a Ghoul Gladiator on Jan 14, 2021.
             Killed from afar by Sigmund (8 damage)
             ... with a magic dart
             ... on level 3 of the Dungeon.
             The game lasted 00:01:47 (1680 turns).

Borgoz the Slasher (Ghoul Gladiator)                Turns: 1680, Time: 00:01:48

Health: -2/37      AC:  4    Str: 18    XL:     4   Next: 44%
Magic:  3/3        EV: 12    Int:  3    God:
Gold:   60         SH:  0    Dex: 10    Spells: 3/3 levels left

rFire    . . .     SeeInvis .   a - +0 long sword
rCold    + . .     Faith    .   (no shield)
rNeg     + + +     Spirit   .   b - +0 leather armour
rPois    ∞         Reflect  .   c - +0 helmet
rElec    .         Harm     .   (no cloak)
rCorr    .         Rampage  .   (no gloves)
Will     .....                  (no boots)
Stlth    +.........             (no amulet)
HPRegen  0.00/turn              (no ring)
MPRegen  0.08/turn              (no ring)

@: brilliant
A: claws 1, cold resistance 1, negative energy resistance 3, inhibited
regeneration, torment resistance, unbreathing
a: no special abilities


You were on level 3 of the Dungeon.
You visited 1 branch of the dungeon, and saw 4 of its levels.

You collected 60 gold pieces.

Inventory:

Hand Weapons
 a - a +0 long sword (weapon)
Missiles
 d - a throwing net (quivered)
Armour
 b - a +0 leather armour (worn)
 c - a +0 helmet (worn)
Jewellery
 m - an uncursed ring of fire
Scrolls
 f - a scroll of magic mapping {unknown}
 g - a scroll of teleportation {unknown}
 i - a scroll of blinking {unknown}
 j - a scroll of enchant armour {unknown}
 k - a scroll of identify {unknown}
Potions
 l - a potion of might {unknown}


   Skills:
 + Level 2.7 Fighting
 * Level 3.5 Long Blades
 - Level 1.7 Throwing
 + Level 1.1 Armour
 * Level 3.4 Dodging


You had 3 spell levels left.
You didn't know any spells.
Your spell library was empty.

Dungeon Overview and Level Annotations

Branches:
Dungeon (4/15)
 Temple: D:4-7

Altars:
Makhleb

Annotations:
D:3 Sigmund


Innate Abilities, Weirdness & Mutations

You thrive by killing the living.
You are immune to poison.
You have sharp fingernails.
Your flesh is cold resistant. (rC+)
You are immune to negative energy. (rN+++)
You do not regenerate when monsters are visible.
You are immune to unholy pain and torment.
You can survive without breathing.


Message History

Sigmund says, "Don't worry, I'll kill you fast."
Sigmund barely misses you.
The frilled lizard unfolds its giant frill.
You feel better.
The frilled lizard hisses.
It was a potion of brilliance.
You feel clever all of a sudden. Sigmund hits you with a +0 scythe!
* * * LOW HITPOINT WARNING * * *
Okay, then.
Throw: 2 throwing nets
Press: ? - help, Q - select action Shift-Dir - straight line, f - Sigmund
Aim: Sigmund, wielding a +0 scythe and wearing a +0 robe (lightly wounded)
You throw a throwing net.
The throwing net closely misses Sigmund.
The throwing net hits the frilled lizard.
The frilled lizard is caught in the net!
Sigmund gestures at you while chanting. The magic dart hits you!
You die...

+....................
######.#############. #.#
#.....(.#. #.# #.#.###.#.
#l# #.#.###.#. #.#
#.#.......
#.#####.#.###.#.
##########.#<........#)#.
........@@l#####.#.#.#.##
############ #.#.#..#..
#.#.#..... ###.#.#...._
#...#....... #.#########.
#.....# ## #####.#####.
#.........


You could see Sigmund and a frilled lizard (caught).

Vanquished Creatures
  A hound (D:3)
  An adder (D:2)
  A dart slug (D:1)
  3 leopard geckos
  2 orcs (D:3)
  2 ball pythons
  2 giant cockroaches
  4 hobgoblins
  A quokka (D:2)
  6 bats
  3 frilled lizards
  9 kobolds
  6 rats
41 creatures vanquished.

Vanquished Creatures (others)
  6 toadstools (D:2)
6 creatures vanquished.

Grand Total: 47 creatures vanquished

Notes
Turn   | Place    | Note
-------+----------+-------------------------------------------
     0 | D:1      | Borgoz the Ghoul Gladiator began the quest for the Orb.
     0 | D:1      | Reached XP level 1. HP: 17/17 MP: 0/0
   203 | D:1      | Reached XP level 2. HP: 24/24 MP: 1/1
   755 | D:2      | Reached XP level 3. HP: 29/30 MP: 2/2
  1119 | D:2      | You fall into a shaft and drop 2 floors!
  1308 | D:3      | Found a burning altar of Makhleb.
  1319 | D:3      | Reached skill level 1 in Armour
  1319 | D:3      | Reached XP level 4. HP: 11/37 MP: 3/3
  1645 | D:3      | Noticed Sigmund
  1680 | D:3      | Killed from afar by Sigmund

Illustrated notes

Levels and vault maps discovered:
D:1:      saegor_arrival_simple_a, layout_basic, moated_statue,
          hangedman_decor_points, bh_walls_and_bars
D:2:      cheibrodos_fertilizer, layout_loops_ring,
          lemuel_coloured_pillars_altar, nemelex_dance_club_becter
D:3:      layout_basic, makhleb_heckhound_becter, uniq_sigmund, uniq_grinder
D:4:      layout_rooms, nicolae_gozag_cash_rules_everything_around_me

Skill      XL: |  1  2  3 |
---------------+----------+-----
Long Blades    | 3 |  3.5
Dodging        | 3 |  3.4
Armour         | 1 |  1.1
Fighting       | |  2.7
Throwing       | |  1.7

Action                   |  1- 3 |  4- 6 || total
-------------------------+-------+-------++-------
Melee: Long sword        |    90 |    17 ||   107
Throw: Throwing net      |       |     2 ||     2
  Use: Potion            |       |     3 ||     3
 Stab: Held in net/web   |       |     1 ||     1
Armor: Leather armour    |    35 |     1 ||    36
Dodge: Dodged            |    85 |     9 ||    94
       Rpst.: Long sword |    21 |     2 ||    23
